cohdb
Replays
Latest Replays
All Replays
Popular Replays
Top Player Replays
Match Explorer
How It Works
Community
CoH3 Stats
Reddit
Sign in to upload your games and track your stats! →
Sign in with Steam
Match 31531105
Unlisted
Match 31531105
Overview
Messages
Build Orders
End
Engineer Squad
Construct Barracks
Selects Advanced Infantry Battlegroup
Riflemen Squad
Scout Squad
Riflemen Squad
Riflemen Squad
Air Support Center
Selects Convert to Ranger Squad
Convert to Ranger Squad
P-47 Strafing Run
Grasshopper Recon Run
Construct Motor Pool
Selects Artillery Observers
Construct Medical Station
Air Supply
Selects Frontline Medical Station
P-47 Strafing Run
P-47 Dive Bomb
Grasshopper Recon Run
M8 Greyhound Armored Car
Riflemen Squad
Convert to Ranger Squad
P-47 Strafing Run
Grasshopper Recon Run
M8 Greyhound Armored Car
P-47 Dive Bomb
Grasshopper Recon Run
P-47 Strafing Run
P-47 Dive Bomb
PreyForHonor
Bourbon
Dzindzu
Arashenstein
0
0
Comments
sign in to comment!
No comments posted yet!